Map: Submarine LE

Players

Reynor - Winner!

  • Race: Zerg Zerg
  • Spawn Location: 5:00

Stats

  • Race: Protoss Protoss
  • Spawn Location: 11:00

Event: ASUS ROG Online 2020

VOD

Have the link to the VOD?

Description

Time

  • Played on: Nov. 27, 2020, 5:33 p.m.
  • Length: 10:45

All games in this series

Show
View Real Time Build Order
Export as new Build Order

Reynor Zerg - Winner!

Build Orders: Pool First 

Get SALT Encoding   

  12  0:00  Drone  
  13  0:12  Overlord  
  13  0:17  Drone  
  14  0:31  Drone x2  
  16  0:41  Spawning Pool  
  15  0:46  Drone  
  15  0:49  Drone  
  17  1:13  Hatchery  
  16  1:19  Drone  
  17  1:28  Zergling x4  
  17  1:31  Zergling x2  
  20  1:41  Zergling x2  
  21  1:52  Hatchery  
  20  1:55  Drone  
  21  2:12  Hatchery  
  21  2:13  Overlord  
  21  2:20  Drone  
  22  2:29  Extractor, Drone  
  22  2:30  Queen  
  22  2:35  Drone  
  24  2:45  Drone  
  25  2:56  Drone  
  27  3:05  Zergling x2  
  27  3:06  Queen x2  
  27  3:07  Drone  
  31  3:15  Drone  
  31  3:18  Zergling x2  
  33  3:24  Queen, Drone  
  36  3:27  Zergling x2  
  36  3:29  Drone  
  36  3:34  Metabolic Boost  
  38  3:35  Drone  
  38  3:36  Drone  
  38  3:40  Drone  
  41  3:47  Overlord  
  41  3:49  Drone  
  41  3:57  Drone  
  42  4:06  Drone x5  
  47  4:10  Zergling x2  
  47  4:11  Drone  
  49  4:18  Spore Crawler, Drone  
  50  4:24  Spore Crawler, Drone  
  50  4:26  Drone  
  50  4:30  Overlord x2  
  50  4:36  Overlord  
  50  4:43  Overlord  
  50  4:48  Drone x8  
  50  4:52  Overlord  
  58  4:54  Spore Crawler  
  58  4:55  Zergling x4  
  58  4:59  Drone x3  
  62  5:00  Drone  
  62  5:03  Drone  
  64  5:08  Zergling x2  
  64  5:09  Drone  
  64  5:11  Extractor  
  64  5:13  Extractor, Roach Warren  
  62  5:15  Zergling x2  
  62  5:16  Drone  
  62  5:20  Drone x5  
  69  5:24  Queen  
  71  5:32  Extractor, Drone, Overlord  
  71  5:34  Zergling x4  
  71  5:35  Zergling x4  
  75  5:40  Zergling x6  
  78  5:45  Overlord  
  78  5:47  Zergling x2  
  76  5:54  Roach x7  
  89  6:00  Overlord x2  
  89  6:05  Roach  
  89  6:07  Queen  
  89  6:10  Roach  
  89  6:11  Overlord  
  95  6:14  Queen  
  95  6:16  Ravager x2  
  95  6:17  Overlord  
  98  6:21  Ravager x2  
  98  6:22  Zergling x8  
  104  6:26  Queen  
  104  6:28  Zergling x4  
  104  6:32  Ravager  
  109  6:34  Zergling x2  
  109  6:37  Ravager  
  109  6:39  Zergling x6  
  114  6:41  Zergling x4  
  114  6:44  Ravager  
  114  6:45  Drone x4  
  114  6:47  Drone  
  121  6:53  Queen  
  125  6:55  Drone x2  
  125  6:58  Drone  
  125  7:05  Lair  
  125  7:07  Overlord  
  125  7:08  Drone x2  
  122  7:10  Evolution Chamber  
  122  7:15  Drone  
  122  7:17  Drone  
  122  7:19  Drone  
  125  7:27  Extractor, Drone x4  
  125  7:28  Queen  
  125  7:29  Extractor  
  129  7:31  Queen  
  129  7:34  Overlord  
  128  7:39  Hatchery  
  120  7:45  Drone x8  
  120  7:49  Drone  
  126  7:52  Drone  
  121  7:59  Zergling x4, Spore Crawler  
  121  8:03  Zerg Missile Weapons Level 1  
  121  8:04  Queen  
  115  8:06  Hydralisk Den  
  115  8:07  Roach, Queen  
  115  8:08  Zergling x2, Spore Crawler  
  115  8:09  Zergling x2  
  115  8:10  Queen  
  116  8:18  Zergling x2, Roach  
  119  8:22  Overlord  
  119  8:25  Drone x4  
  123  8:29  Drone x3  
  123  8:30  Drone  
  123  8:31  Spore Crawler  
  123  8:33  Zergling x2  
  127  8:37  Muscular Augments  
  127  8:38  Hydralisk x4  
  127  8:40  Queen  
  137  8:43  Hydralisk  
  137  8:44  Spore Crawler  
  137  8:47  Hydralisk x2  
  142  8:52  Hydralisk x2  
  142  8:53  Extractor  
  140  8:55  Extractor  
  140  8:57  Hydralisk x3  
  144  9:03  Hydralisk x3  
  144  9:09  Overlord, Hydralisk x2  
  154  9:11  Drone x2  
  158  9:19  Overlord  
  158  9:25  Overlord  
  158  9:26  Hydralisk x3  
  158  9:28  Hydralisk x3  
  166  9:33  Hydralisk  
  166  9:37  Hydralisk  
  170  9:38  Hydralisk x2  
  170  9:39  Hydralisk  
  170  9:45  Hydralisk x4  
  183  9:53  Overlord  
  183  9:59  Zergling x2  
  183  10:00  Overlord  
  183  10:05  Zergling x2  
  183  10:06  Overlord  
  184  10:10  Drone, Infestation Pit  
  184  10:14  Hydralisk  
  181  10:15  Zergling x22  
  187  10:24  Zergling x6  
  196  10:29  Drone x2  
  196  10:31  Extractor  
  196  10:32  Extractor  
  193  10:42  Hatchery  
Show
View Real Time Build Order
Export as new Build Order

Stats Protoss 

Build Orders:  

Get SALT Encoding   

  12  0:00  Probe  
  13  0:16  Pylon  
  13  0:17  Probe (Chrono Boost)  
  14  0:27  Probe (Chrono Boost)  
  15  0:32  Probe (Chrono Boost)  
  16  0:39  Gateway  
  16  0:44  Probe  
  16  0:47  Assimilator  
  17  0:56  Probe  
  18  1:08  Probe  
  19  1:20  Probe  
  20  1:26  Zealot (Chrono Boost)  
  20  1:27  Cybernetics Core  
  20  1:29  Pylon  
  20  1:32  Probe  
  23  1:40  Pylon  
  23  1:46  Zealot (Chrono Boost)  
  23  1:47  Probe  
  23  1:54  Gateway  
  26  2:01  Probe  
  27  2:08  Adept (Chrono Boost)  
  29  2:17  Assimilator  
  29  2:37  Probe, Nexus  
  29  2:45  Warp Gate  
  29  2:51  Pylon, Probe  
  30  3:03  Probe, Stargate  
  31  3:15  Probe  
  31  3:16  Adept  
  31  3:17  Adept  
  36  3:27  Probe  
  37  3:39  Probe  
  38  3:50  Probe (Chrono Boost)  
  38  3:51  Probe (Chrono Boost)  
  38  3:52  Void Ray  
  42  4:02  Probe (Chrono Boost)  
  42  4:03  Probe (Chrono Boost)  
  42  4:10  Probe x2 (Chrono Boost)  
  44  4:19  Probe x2  
  46  4:30  Nexus  
  46  4:31  Probe x2  
  47  4:32  Pylon  
  47  4:35  Pylon  
  47  4:36  Oracle  
  51  4:43  Probe x2  
  51  4:44  Assimilator  
  53  4:45  Assimilator  
  53  4:53  Shield Battery  
  53  4:55  Probe x2  
  53  4:59  Stargate  
  55  5:04  Stargate  
  55  5:07  Probe x2  
  57  5:16  Void Ray  
  57  5:19  Probe x2 (Chrono Boost)  
  59  5:25  Pylon  
  59  5:28  Shield Battery  
  63  5:29  Probe x2 (Chrono Boost)  
  63  5:35  Probe x2  
  65  5:39  Adept  
  69  5:42  Sentry  
  69  5:44  Pylon  
  69  5:49  Pylon  
  71  5:54  Probe x2  
  71  5:56  Probe  
  72  5:58  Void Ray x2  
  72  6:06  Probe  
  72  6:07  Probe  
  72  6:08  Probe  
  72  6:09  Void Ray (Chrono Boost)  
  87  6:18  Probe  
  87  6:19  Probe  
  87  6:20  Probe  
  87  6:24  Pylon  
  87  6:25  Pylon  
  90  6:31  Probe x2  
  90  6:32  Probe  
  93  6:33  Shield Battery  
  93  6:34  Shield Battery  
  93  6:35  Shield Battery, Pylon  
  93  6:36  Void Ray x2 (Chrono Boost)  
  101  6:52  Void Ray (Chrono Boost)  
  101  7:07  Pylon  
  101  7:12  Pylon  
  101  7:18  Nexus  
  101  7:19  Shield Battery  
  101  7:28  Probe x2  
  103  7:44  Sentry  
  105  7:47  Probe x2  
  102  7:59  Probe x2  
  102  8:01  Nexus  
  102  8:11  Probe x2  
  102  8:15  Gateway  
  102  8:22  Nexus, Forge  
  102  8:23  Pylon  
  102  8:24  Twilight Council, Probe x2  
  102  8:26  Gateway  
  104  8:28  Gateway, Adept  
  106  8:37  Probe x2  
  108  8:47  Assimilator  
  108  8:49  Probe x2  
  108  8:52  Assimilator, Zealot  
  112  8:55  Pylon  
  109  9:13  Probe x2  
  109  9:15  Shield Battery  
  108  9:19  Templar Archives  
  108  9:25  Nexus  
  108  9:27  Pylon  
  108  9:31  Gateway  
  108  9:32  Gateway x2  
  108  9:33  Gateway  
  108  9:34  Gateway  
  108  9:35  Robotics Facility  
  108  9:39  Probe x2  
  108  9:40  Probe  
  108  9:42  Assimilator  
  108  9:43  Assimilator  
  111  9:51  Zealot x3  
  116  10:00  Shield Battery  
  116  10:02  Shield Battery  
  111  10:12  High Templar  
  111  10:13  High Templar x2  
  111  10:31  Zealot x5  
Tags
 
Add a new tag
Caveats
  • Supply blocks, unpowered buildings, or Contaminate may cause inaccurate times.
  • Supply counts are checked every 10 seconds.